 Dungeon Crawl Stone Soup version 0.20.1-1-g8b1a95d (webtiles) character file.

27446 mortelune the Severer (level 13, -12/119 HPs)
             Began as a Minotaur Berserker on Oct 29, 2017.
             Was a High Priest of Trog.
             Mangled by a shock serpent (13 damage)
             ... on level 1 of the Snake Pit on Oct 30, 2017.
             The game lasted 01:48:37 (18753 turns).

mortelune the Severer (Minotaur Berserker)         Turns: 18753, Time: 01:48:38

Health: -12/119    AC: 20    Str: 32    XL:     13   Next: 4%
Magic:  7/12       EV:  5    Int:  4    God:    Trog [*****.]
Gold:   749        SH:  0    Dex:  9    Spells: 12/12 levels left

rFire    . . .     SeeInvis .   f - +3 executioner's axe (chop)
rCold    . . .     Gourm    .   (shield currently unavailable)
rNeg     . . .     Faith    .   k - +3 plate armour
rPois    +         Spirit   .   (helmet restricted)
rElec    .         Reflect  .   o - +0 cloak
rCorr    .         Harm     .   (no gloves)
MR       ++...                  z - +0 pair of boots
Stlth    ..........             X - amulet of regeneration
Regen    1.7/turn               e - ring of poison resistance
MPRegen  0.2/turn               N - +4 ring of strength

@: regenerating, constricted, heavily drained
A: retaliatory headbutt, horns 2
a: Berserk, Trog's Hand, Brothers in Arms, Burn Spellbooks, Renounce Religion


You were on level 1 of the Snake Pit.
You worshipped Trog.
Trog was extremely pleased with you.
You were not hungry.

You visited 4 branches of the dungeon, and saw 18 of its levels.

You collected 1993 gold pieces.
You spent 1244 gold pieces at shops.

Inventory:

Hand Weapons
 f - a +3 executioner's axe of chopping (weapon)
 i - a +6 antimagic battleaxe
 Q - a +0 blowgun
Missiles
 P - 53 poisoned needles
Armour
 k - a +3 plate armour (worn)
 o - a +0 cloak (worn)
 z - a +0 pair of boots (worn)
 A - a +2 scale mail of positive energy
 S - a +4 scale mail
Jewellery
 e - a ring of poison resistance (left hand)
 F - an uncursed ring of poison resistance
 N - a +4 ring of strength (right hand)
 X - an amulet of regeneration (around neck)
Wands
 n - a wand of acid (3/15)
 I - a wand of disintegration (0/24)
 K - a wand of lightning (5/15)
 O - a wand of polymorph (20/24)
 T - a wand of iceblast (5/15)
 W - a wand of digging (12/24)
Scrolls
 b - a scroll of magic mapping
 d - 4 scrolls of fog
 s - 3 scrolls of remove curse
 w - a scroll of enchant armour {unknown}
 y - a scroll of summoning {unknown}
 B - a scroll of brand weapon {unknown}
 E - a scroll of immolation
 G - a scroll of recharging {unknown}
 H - a scroll of acquirement {unknown}
 J - a scroll of noise {unknown}
 L - a scroll of holy word {unknown}
 R - a scroll of amnesia {unknown}
 U - a scroll of blinking
 V - a scroll of vulnerability {unknown}
Potions
 a - a potion of might
 g - 7 potions of curing
 j - 2 potions of resistance
 m - 3 potions of ambrosia
 q - a potion of invisibility {unknown}
 r - 3 potions of agility
 t - 2 potions of haste
 v - a potion of flight
 C - 6 potions of heal wounds
 Z - a potion of lignification
Miscellaneous
 u - a box of beasts
 M - a fan of gales
Comestibles
 c - 10 bread rations
 h - 13 meat rations
 l - a royal jelly


   Skills:
 + Level 12.3(10.0) Fighting
 * Level 18.3(15.7) Axes
   Level 0.9(0.0) Slings
 + Level 13.2(10.9) Armour
 - Level 2.1(0.4) Dodging
 - Level 1.0(0.0) Stealth


You had 12 spell levels left.
You didn't know any spells.

Dungeon Overview and Level Annotations

Branches:
Dungeon (11/15)            Temple (0/1) D:5            Lair (4/6) D:8
  Swamp (0/4) Lair:3        Snake (1/4) Lair:2          Orc (2/2) D:11
    Elf (0/3) Orc:2

Altars:
Dithmenos
Qazlal
Trog
Beogh

Shops:
Orc:2 %!(:

Annotations:
D:5 exclusion: oklob sapling


Innate Abilities, Weirdness & Mutations

You reflexively headbutt those who attack you in melee.
You have a pair of horns on your head.


Message History

The anaconda bites you. x2; The anaconda constricts you.
The shock serpent completely misses you.
You furiously retaliate!
You headbutt the shock serpent!
The shock serpent's electric aura discharges, shocking you!
The naga warrior hits you from afar with an enchanted glaive.
* * * LOW HITPOINT WARNING * * *
Unknown command.
Unknown command.
The anaconda's grasp on you weakens, but your attempt to escape fails.
The anaconda bites you.
* * * LOW HITPOINT WARNING * * *
The black mamba bites you!
* * * LOW HITPOINT WARNING * * *
The anaconda bites you but does no damage.
The anaconda constricts you. The anaconda bites you.
* * * LOW HITPOINT WARNING * * *
The shock serpent bites you!
* * * LOW HITPOINT WARNING * * *
The shock serpent shocks you!
You die...

... .... ..N..
...NS ...SS#
......#
....$.S##
......S@#
......SS#
##...N.S#
#..........#
##.>..........
##......S....
##....N.....
#..........
####.......


You could see a naga warrior, a naga sharpshooter, 2 anacondas, a naga
ritualist, a shock serpent, a mana viper, 4 black mambas and a naga.

Vanquished Creatures
  The ghost of simples the Severer, a journeyman FoAK of Lugonu (Lair:3)
  The ghost of HammerPanzer the Basher, a journeyman DsBe of Trog (Orc:2)
  Fannar (D:10)
  3 hydras
  3 two-headed ogres
  An unseen horror (D:10)
  An orc knight (D:11)
  5 orc sorcerers (Orc:2)
  2 cyclopes
  A centaur zombie (D:10)
  2 black mambas
  Joseph (Lair:1)
  2 spiny frogs
  2 rime drakes
  Prince Ribbit (D:7)
  3 blink frogs (Lair:1)
  A meliai zombie (D:11)
  7 hippogriffs
  A wraith (D:11)
  9 yaks
  A shadow (D:11)
  2 basilisks
  Grum (D:11)
  Menkaure (D:6)
  6 wargs
  3 nagas (Lair:2)
  Duvessa (D:5)
  A porcupine (Lair:2)
  9 water moccasins
  13 orc warriors
  A swamp drake (Lair:3)
  2 black bears
  A phantom (D:11)
  2 eyes of draining (D:8)
  4 ice beasts
  6 ogres
  A necrophage (D:9)
  8 wolves
  3 centaurs
  6 crocodiles
  2 big kobolds
  14 bullfrogs
  A water moccasin zombie (D:11)
  A wyvern skeleton (D:7)
  Dowan (D:5)
  The ghost of leglesslizard the Skirmisher, a weakling TrBe of Trog (D:3)
  7 scorpions
  4 killer bees (D:7)
  7 wights
  3 howler monkeys (D:7)
  4 crimson imps
  A bullfrog zombie (D:7)
  2 hounds
  4 jellies
  A gnoll shaman (D:10)
  20 orc priests
  39 orc wizards
  A bullfrog skeleton (D:9)
  2 iguanas
  7 worker ants
  A hound skeleton (D:8)
  12 adders
  15 gnolls
  A howler monkey zombie (D:7)
  2 howler monkey skeletons
  A shadow imp (D:6)
  3 adder skeletons
  5 worms
  A dart slug (D:2)
  6 leopard geckos
  84 orcs
  7 giant cockroaches
  14 goblins
  8 hobgoblins
  14 jackals
  10 kobolds
  A quokka (D:3)
  7 bats
  7 frilled lizards
  7 rats
  A bush (Lair:1)
  A fungus (Lair:3)
450 creatures vanquished.

Vanquished Creatures (collateral kills)
  An orc warrior (D:11)
  3 orc priests (D:11)
  6 orcs (D:11)
  A goblin (D:11)
11 creatures vanquished.

Vanquished Creatures (others)
  An orc wizard (Orc:2)
  A jackal (D:8)
  A fungus (Lair:4)
3 creatures vanquished.

Grand Total: 464 creatures vanquished

Notes
Turn   | Place    | Note
-------+----------+-------------------------------------------
     0 | D:1      | mortelune the Minotaur Berserker began the quest for the Orb.
     0 | D:1      | Reached XP level 1. HP: 19/19 MP: 0/0
    88 | D:1      | Reached XP level 2. HP: 27/27 MP: 1/1
   244 | D:1      | Reached skill level 4 in Axes
   804 | D:1      | Reached XP level 3. HP: 33/33 MP: 2/2
  1112 | D:2      | Found a shadowy altar of Dithmenos.
  1215 | D:2      | Reached ** piety under Trog
  1419 | D:2      | Reached XP level 4. HP: 25/41 MP: 3/3
  1614 | D:2      | Reached skill level 5 in Axes
  2155 | D:2      | Reached XP level 5. HP: 36/47 MP: 4/4
  2715 | D:3      | Noticed leglesslizard's ghost (weakling TrBe)
  2725 | D:3      | Killed leglesslizard's ghost
  2725 | D:3      | Reached skill level 6 in Axes
  3324 | D:3      | Reached XP level 6. HP: 53/53 MP: 5/5
  3360 | D:4      | Reached *** piety under Trog
  3361 | D:4      | Reached skill level 7 in Axes
  3382 | D:4      | Reached skill level 5 in Fighting
  3382 | D:4      | Reached skill level 5 in Armour
  3530 | D:4      | Reached XP level 7. HP: 61/61 MP: 6/6
  3774 | D:4      | Reached skill level 8 in Axes
  4219 | D:5      | Entered Level 5 of the Dungeon
  4553 | D:5      | Noticed Dowan
  4555 | D:5      | Noticed Duvessa
  4564 | D:5      | Killed Dowan
  4575 | D:5      | Killed Duvessa
  4575 | D:5      | Reached skill level 9 in Axes
  4575 | D:5      | Reached skill level 1 in Stealth
  4818 | D:5      | Reached XP level 8. HP: 57/68 MP: 7/7
  4979 | D:5      | Found a staircase to the Ecumenical Temple.
  5636 | D:6      | Reached skill level 10 in Axes
  5746 | D:6      | Noticed Menkaure
  5750 | D:6      | Reached **** piety under Trog
  5753 | D:6      | Killed Menkaure
  5804 | D:6      | Found a stormy altar of Qazlal.
  6263 | D:7      | Reached skill level 11 in Axes
  6531 | D:7      | Reached XP level 9. HP: 74/78 MP: 8/8
  6705 | D:7      | Noticed Prince Ribbit
  6731 | D:7      | Killed Prince Ribbit
  6927 | D:7      | Reached skill level 12 in Axes
  8088 | D:8      | Reached ***** piety under Trog
  8227 | D:8      | Reached skill level 13 in Axes
  8280 | D:8      | Reached XP level 10. HP: 85/88 MP: 9/9
  8409 | D:8      | Found a staircase to the Lair.
  9523 | D:9      | Noticed a two-headed ogre
  9536 | D:9      | Killed a two-headed ogre
  9715 | D:9      | Received a gift from Trog
  9715 | D:9      | Reached skill level 14 in Axes
 10075 | D:9      | Reached skill level 10 in Armour
 10165 | D:10     | Entered Level 10 of the Dungeon
 10179 | D:10     | Noticed a two-headed ogre
 10195 | D:10     | Killed a two-headed ogre
 10495 | D:10     | Noticed a two-headed ogre
 10503 | D:10     | Killed a two-headed ogre
 10805 | D:10     | Reached skill level 15 in Axes
 10805 | D:10     | Reached XP level 11. HP: 96/96 MP: 10/10
 11251 | D:11     | Noticed Grum
 11281 | D:11     | Killed Grum
 11512 | D:11     | Received a gift from Trog
 11848 | D:11     | Noticed Fannar
 11872 | D:10     | Killed an unseen horror
 11872 | D:10     | Killed Fannar
 11872 | D:10     | HP: 2/98 [cloud of flame (4)]
 12267 | D:11     | Found a staircase to the Orcish Mines.
 12504 | D:11     | Reached skill level 10 in Fighting
 13089 | Lair:1   | Entered Level 1 of the Lair of Beasts
 13176 | Lair:1   | Reached skill level 16 in Axes
 13254 | Lair:1   | Noticed Joseph
 13267 | Lair:1   | Killed Joseph
 14049 | Lair:2   | Noticed a five-headed hydra
 14060 | Lair:2   | Killed a five-headed hydra
 14060 | Lair:2   | Reached XP level 12. HP: 84/107 MP: 11/11
 14396 | Lair:2   | Found a staircase to the Snake Pit.
 14758 | Lair:3   | Noticed simples's ghost (journeyman FoAK)
 14761 | Lair:3   | Killed simples's ghost
 14761 | Lair:3   | Reached skill level 17 in Axes
 15142 | Lair:3   | Found a staircase to the Swamp.
 15449 | Lair:4   | Noticed a four-headed hydra
 15523 | Lair:3   | Killed a four-headed hydra
 15821 | Lair:4   | Noticed an eight-headed hydra
 16049 | Lair:4   | Noticed an eight-headed hydra
 16073 | Lair:4   | Noticed a four-headed hydra
 16332 | D:8      | Killed a four-headed hydra
 16423 | Orc:1    | Entered Level 1 of the Orcish Mines
 16512 | Orc:1    | Found a bloodstained altar of Trog.
 17067 | Orc:2    | Entered Level 2 of the Orcish Mines
 17102 | Orc:2    | Noticed HammerPanzer's ghost (journeyman DsBe)
 17117 | Orc:2    | Killed HammerPanzer's ghost
 17349 | Orc:2    | Reached skill level 18 in Axes
 17401 | Orc:2    | Found Vaamaur's Book Emporium.
 17401 | Orc:2    | Found Hemy's Antique Weapon Boutique.
 17437 | Orc:2    | Found a roughly hewn altar of Beogh.
 17532 | Orc:2    | Found Xicuoheo's Distillery.
 17539 | Orc:2    | Received a gift from Trog
 17541 | Orc:2    | Paralysed by an orc sorcerer for 5 turns
 17810 | Orc:2    | Reached XP level 13. HP: 67/118 MP: 12/12
 18030 | Orc:2    | Found Bout's Food Boutique.
 18079 | Orc:2    | Bought a potion of curing for 48 gold pieces
 18079 | Orc:2    | Bought a potion of curing for 48 gold pieces
 18079 | Orc:2    | Bought a potion of heal wounds for 80 gold pieces
 18079 | Orc:2    | Bought a potion of heal wounds for 80 gold pieces
 18079 | Orc:2    | Bought a potion of resistance for 160 gold pieces
 18079 | Orc:2    | Bought a potion of haste for 160 gold pieces
 18079 | Orc:2    | Bought a potion of heal wounds for 80 gold pieces
 18092 | Orc:2    | Bought a bread ration for 60 gold pieces
 18092 | Orc:2    | Bought a meat ration for 60 gold pieces
 18092 | Orc:2    | Bought a meat ration for 60 gold pieces
 18092 | Orc:2    | Bought a meat ration for 60 gold pieces
 18092 | Orc:2    | Bought a meat ration for 60 gold pieces
 18092 | Orc:2    | Bought a royal jelly for 24 gold pieces
 18092 | Orc:2    | Bought a meat ration for 60 gold pieces
 18092 | Orc:2    | Bought a meat ration for 60 gold pieces
 18092 | Orc:2    | Bought a meat ration for 60 gold pieces
 18092 | Orc:2    | Bought a bread ration for 60 gold pieces
 18138 | Orc:2    | Found a staircase to the Elven Halls.
 18359 | Orc:2    | Paralysed by an orc sorcerer for 2 turns
 18565 | Orc:2    | Bought a royal jelly for 24 gold pieces
 18746 | Snake:1  | Entered Level 1 of the Snake Pit
 18753 | Snake:1  | HP: 1/119 [shock serpent (13)]
 18753 | Snake:1  | Mangled by a shock serpent

Skill      XL: |  1  2  3  4  5  6  7  8  9 10 11 12 |
---------------+-------------------------------------+-----
Axes           | 4 5 6 7 9 11 13 15 16 18 | 18.3
Fighting       | 4 5 6 7 9 10 12 | 12.3
Armour         | 3 4 5 7 9 10 11 13 | 13.2
Stealth        | 1 |  1.0
Slings         | |  0.9
Dodging        | |  2.1

Action                   |  1- 3 |  4- 6 |  7- 9 | 10-12 | 13-15 || total
-------------------------+-------+-------+-------+-------+-------++-------
Melee: Hand axe          |    88 |   114 |   447 |    71 |       ||   720
       Headbutt          |     4 |    27 |    96 |   113 |     7 ||   247
       War axe           |       |       |       |   204 |       ||   204
       Executioner's axe |       |       |       |   333 |    16 ||   349
       Battleaxe         |       |       |       |       |    23 ||    23
 Fire: Hunting sling     |       |       |     5 |    30 |       ||    35
Invok: Berserk           |       |     4 |     8 |     3 |       ||    15
       Trog's Hand       |       |       |     4 |       |     2 ||     6
       Brothers in Arms  |       |       |       |     4 |       ||     4
       Burn Spellbooks   |       |       |       |     2 |       ||     2
Evoke: Wand              |       |       |       |     2 |       ||     2
  Use: Scroll            |       |     3 |    10 |    17 |       ||    30
       Potion            |       |       |       |     2 |     1 ||     3
  Eat: Chunk             |     1 |     6 |    12 |    12 |       ||    31
       Meat ration       |       |     1 |     2 |     3 |       ||     6
       Royal jelly       |       |       |     1 |     3 |     1 ||     5
       Bread ration      |       |       |       |     1 |       ||     1
Armor: Scale mail        |    14 |       |       |       |       ||    14
       Chain mail        |    34 |    57 |   132 |       |       ||   223
       Ring mail         |     1 |       |       |       |       ||     1
       Plate armour      |       |       |    43 |   517 |    28 ||   588
       Skin              |       |       |     1 |       |       ||     1
Dodge: Dodged            |    38 |    44 |   162 |   334 |    15 ||   593
